 Dungeon Crawl Stone Soup version 0.19.1 (webtiles) character file.

140 Mefis the Magician (level 5, -5/28 HPs)
             Began as a Deep Elf Wizard on Dec 14, 2016.
             Slain by an orc
             ... wielding a +0 mace
              (9 damage)
             ... on level 3 of the Dungeon.
             The game lasted 00:06:08 (2721 turns).

Mefis the Magician (Deep Elf Wizard)                Turns: 2721, Time: 00:06:08

Health: -5/28      AC:  2    Str:  4    XL:     5   Next: 2%
Magic:  1/15       EV: 19    Int: 24    God:
Gold:   131        SH:  0    Dex: 18    Spells: 6 memorised, 2 levels left

rFire  . . .     SeeInvis .     a - +0 spear
rCold  . . .     Gourm    .     h - +0 robe
rNeg   . . .     Faith    .     (no shield)
rPois  .         Spirit   .     b - +0 hat
rElec  .         Reflect  .     (no cloak)
rCorr  .         Harm     .     (no gloves)
MR     .....                    (no boots)
Stlth  ++++......               (no amulet)
                                (no ring)
                                (no ring)

@: agile, repel missiles
A: no striking features
a: no special abilities


You were on level 3 of the Dungeon.
You were hungry.

You visited 1 branch of the dungeon, and saw 3 of its levels.

You collected 131 gold pieces.

Inventory:

Hand Weapons
 a - a +0 spear (weapon)
Missiles
 e - 15 poisoned needles
 r - 22 sling bullets
Armour
 b - a +0 hat (worn)
 h - a +0 robe (worn)
Scrolls
 i - a scroll of blinking {unknown}
 j - a scroll of fear {unknown}
 m - a scroll of remove curse
 n - a scroll of identify {unknown}
 p - a scroll of enchant weapon {unknown}
 s - a scroll of fog {unknown}
Potions
 g - a potion of agility
 k - a potion of brilliance {unknown}
 o - a potion of heal wounds {unknown}
 q - a potion of cure mutation {unknown}
 u - a potion of curing {unknown}
Books
 c - a book of Minor Magic

   Spells                             Type                      Level
   a - Magic Dart                     Conjuration                  1
   b - Blink                          Translocation                2
   c - Call Imp                       Summoning                    2
   d - Repel Missiles                 Charms/Air                   2
   e - Slow                           Hexes                        2
   f - Conjure Flame                  Conjuration/Fire             3
   g - Mephitic Cloud                 Conjuration/Poison/Air       3
Comestibles
 d - a bread ration
 f - 2 beef jerkies
 l - a meat ration


   Skills:
 + Level 3.3 Dodging
 + Level 3.0 Stealth
 * Level 5.7 Spellcasting
 + Level 2.2 Conjurations
 + Level 2.0 Summonings
 - Level 1.1 Translocations
 + Level 0.8 Air Magic
 + Level 1.0 Poison Magic


You had 2 spell levels left.
You knew the following spells:

 Your Spells              Type           Power        Failure   Level  Hunger
a - Magic Dart            Conj           ###.         3%          1    None
b - Call Imp              Summ           ###.....     8%          2    None
c - Blink                 Tloc           N/A          10%         2    None
d - Repel Missiles        Chrm/Air       #.....       12%         2    None
e - Mephitic Cloud        Conj/Pois/Air  ##......     17%         3    #......
f - Conjure Flame         Conj/Fire      ##......     17%         3    #......


Dungeon Overview and Level Annotations

Branches:
Dungeon (3/15)

Altars:
Hepliaklqana
Ru

Annotations:
D:3 Grinder


Message History

* * * LOW HITPOINT WARNING * * *
The orc closely misses you.
Wield which item (- for none, * to show all)? (? for menu, Esc to quit)
Okay, then.
Okay, then.
You hit the orc.
The orc is severely wounded.
The orc misses you. The orc completely misses you.
Your magical contamination has completely faded away.
You hit the orc.
You kill the orc!
You have reached level 5!
You hit the hobgoblin.
The hobgoblin is almost dead.
Your white imp is no longer paralysed.
The orc barely misses you. The hobgoblin closely misses you.
You hit the hobgoblin.
You kill the hobgoblin!
The orc hits you with a mace!
You die...

##################
............5..)@#
################o#
#.# #5# #.# #.#
#.# #.# #.#


You could see Grinder, an orc and a friendly white imp.

Vanquished Creatures
  Terence (D:2)
  3 adders
  An ooze (D:1)
  A worm (D:2)
  2 dart slugs (D:2)
  3 leopard geckos
  2 orcs (D:3)
  5 bats
  2 giant cockroaches (D:2)
  8 goblins
  4 hobgoblins
  6 jackals (D:2)
  11 kobolds
  2 ball pythons (D:1)
  A frilled lizard (D:1)
  7 rats
59 creatures vanquished.

Vanquished Creatures (collateral kills)
  An adder (D:3)
  2 worms (D:2)
  A giant cockroach (D:2)
  A hobgoblin (D:2)
5 creatures vanquished.

Grand Total: 64 creatures vanquished

Notes
Turn   | Place    | Note
-------+----------+-------------------------------------------
     0 | D:1      | Mefis the Deep Elf Wizard began the quest for the Orb.
     0 | D:1      | Reached XP level 1. HP: 10/10 MP: 7/7
   241 | D:1      | Reached XP level 2. HP: 15/15 MP: 5/9
   306 | D:1      | Learned a level 2 spell: Call Imp
   309 | D:1      | Learned a level 2 spell: Blink
   312 | D:1      | Learned a level 2 spell: Repel Missiles
   380 | D:1      | Reached skill level 5 in Spellcasting
   981 | D:2      | Reached XP level 3. HP: 13/19 MP: 2/11
  1448 | D:2      | Learned a level 3 spell: Mephitic Cloud
  2025 | D:2      | Reached XP level 4. HP: 24/24 MP: 9/13
  2030 | D:2      | Learned a level 3 spell: Conjure Flame
  2061 | D:2      | Noticed Terence
  2150 | D:2      | Killed Terence
  2541 | D:2      | Found a sacrificial altar of Ru.
  2541 | D:2      | Found a hazy altar of Hepliaklqana.
  2683 | D:3      | Noticed Grinder
  2704 | D:3      | Reached skill level 1 in Poison Magic
  2719 | D:3      | Reached XP level 5. HP: 4/28 MP: 1/15
  2721 | D:3      | Slain by an orc

Skill      XL: |  1  2  3  4 |
---------------+-------------+-----
Spellcasting   | 5 |  5.7
Dodging        | 3 |  3.3
Stealth        | 3 |  3.0
Conjurations   | 2 |  2.2
Summonings     | 2 |  2.0
Poison Magic   | 1 |  1.0
Translocations | |  1.1
Air Magic      | |  0.8

Action                   |  1- 3 |  4- 6 || total
-------------------------+-------+-------++-------
Melee: Spear             |    36 |    27 ||    63
 Cast: Magic Dart        |    92 |    43 ||   135
       Call Imp          |     9 |     1 ||    10
       Blink             |     1 |     1 ||     2
       Repel Missiles    |     1 |       ||     1
       Conjure Flame     |       |     3 ||     3
       Mephitic Cloud    |       |     1 ||     1
  Use: Scroll            |       |     1 ||     1
       Potion            |       |     1 ||     1
 Stab: Sleeping          |     2 |       ||     2
       Confused          |       |     1 ||     1
  Eat: Chunk             |     3 |     2 ||     5
Armor: Robe              |     4 |     6 ||    10
Dodge: Dodged            |    21 |    28 ||    49
       Deflected         |     1 |       ||     1
